 Dungeon Crawl Stone Soup version 0.23-a0-396-g5214e5f (webtiles) character file.

2692 reaverb the Slasher (level 9, -2/65 HPs)
             Began as a Vampire Warper on Nov 2, 2018.
             Was a Priest of Dithmenos.
             Killed by divine providence
             ... invoked by an orc priest
              (9 damage)
             ... on level 9 of the Dungeon on Nov 3, 2018.
             The game lasted 00:40:21 (12926 turns).

reaverb the Slasher (Vampire Warper)               Turns: 12926, Time: 00:40:21

Health: -2/65      AC:  4    Str: 10    XL:     9   Next: 38%
Magic:  15/16      EV: 14    Int: 18    God:    Dithmenos [***...]
Gold:   397        SH:  0    Dex: 14    Spells: 7/18 levels left

rFire    . . .     SeeInvis +   a - +1 falchion (elec)
rCold    . . .     Gourm    .   (no shield)
rNeg     + + .     Faith    .   c - +0 leather armour (curse)
rPois    .         Spirit   .   (no helmet)
rElec    .         Reflect  .   g - +0 cloak
rCorr    +         Harm     .   (no gloves)
MR       .....                  (no boots)
Stlth    ++++......             (no amulet)
HPRegen  0.20/turn              z - ring of resist corrosion
MPRegen  0.15/turn              G - ring of positive energy

@: lethally poisoned (-2 -> -2), about to teleport, hasted, wreathed by umbra,
very quick
A: fangs 3, see invisible, unbreathing
a: Bat Form, Shadow Step, Renounce Religion


You were on level 9 of the Dungeon.
You worshipped Dithmenos.
Dithmenos was most pleased with you.
You were not thirsty.

You visited 1 branch of the dungeon, and saw 11 of its levels.
You also visited: Ossuary.

You collected 397 gold pieces.

Notes
Turn   | Place    | Note
-------+----------+-------------------------------------------
     0 | D:1      | reaverb the Vampire Warper began the quest for the Orb.
     0 | D:1      | Reached XP level 1. HP: 16/16 MP: 3/3
    95 | D:1      | Huge Dmg: 3 Dmg
   219 | D:1      | Huge Dmg: 4 Dmg
   374 | D:1      | Huge Dmg: 4 Dmg
   374 | D:1      | Reached XP level 2. HP: 17/22 MP: 5/5
   474 | D:1      | Reached skill level 3 in Long Blades
   488 | D:1      | Learned a level 2 spell: Blink
   969 | D:1      | Learned a level 2 spell: Shroud of Golubria
  1248 | D:1      | Reached XP level 3. HP: 25/27 MP: 4/6
  1317 | D:1      | Huge Dmg: 3 Dmg
  2003 | D:2      | Reached skill level 4 in Long Blades
  2123 | D:2      | Huge Dmg: 6 Dmg
  2135 | D:2      | Huge Dmg: 9 Dmg
  2228 | D:2      | Reached XP level 4. HP: 30/33 MP: 4/7
  2342 | D:2      | Found a shadowy altar of Dithmenos.
  2347 | D:2      | Found a glowing silver altar of Zin.
  2347 | D:2      | Found an iron altar of Okawaru.
  2372 | D:2      | Became a worshipper of Dithmenos the Shadowed
  2381 | D:2      | Noticed Natasha
  2393 | D:2      | Killed Natasha
  2469 | D:2      | Noticed Natasha
  2478 | D:2      | Killed Natasha
  2478 | D:2      | Reached skill level 5 in Long Blades
  2543 | D:2      | Huge Dmg: 6 Dmg
  2545 | D:2      | Huge Dmg: 8 Dmg
  2551 | D:2      | Huge Dmg: 4 Dmg
  2694 | D:2      | Noticed Natasha
  2703 | D:2      | Killed Natasha
  2703 | D:2      | Reached XP level 5. HP: 32/38 MP: 5/8
  3155 | D:3      | Huge Dmg: 9 Dmg
  3524 | D:3      | Reached * piety under Dithmenos
  4066 | D:4      | Noticed a phantom
  4071 | D:4      | Huge Dmg: 8 Dmg
  4076 | D:4      | Huge Dmg: 8 Dmg
  4159 | D:4      | Huge Dmg: 8 Dmg
  4225 | D:4      | Huge Dmg: 7 Dmg
  4226 | D:4      | Huge Dmg: 6 Dmg
  4251 | D:4      | Huge Dmg: 7 Dmg
  4262 | D:4      | Killed a phantom
  4262 | D:4      | Reached skill level 6 in Long Blades
  4262 | D:4      | Reached XP level 6. HP: 19/44 MP: 5/9
  4609 | D:4      | Huge Dmg: 7 Dmg
  4636 | D:4      | Learned a level 3 spell: Teleport Other
  5036 | D:5      | Entered Level 5 of the Dungeon
  5060 | D:5      | Reached skill level 7 in Long Blades
  5161 | D:5      | Huge Dmg: 11 Dmg
  5163 | D:5      | Reached XP level 7. HP: 35/49 MP: 5/10
  5214 | D:5      | Identified a book of Changes
  5436 | D:5      | Found a sand-covered staircase.
  5442 | Ossuary  | Entered an ossuary
  5511 | Ossuary  | Huge Dmg: 14 Dmg
  5618 | Ossuary  | Huge Dmg: 15 Dmg
  5733 | Ossuary  | Huge Dmg: 15 Dmg
  5744 | Ossuary  | Huge Dmg: 9 Dmg
  5894 | Ossuary  | Huge Dmg: 10 Dmg
  6113 | Ossuary  | Reached ** piety under Dithmenos
  6140 | Ossuary  | Huge Dmg: 12 Dmg
  6255 | Ossuary  | Huge Dmg: 17 Dmg
  6257 | Ossuary  | Huge Dmg: 15 Dmg
  6575 | Ossuary  | Huge Dmg: 13 Dmg
  6809 | Ossuary  | Huge Dmg: 14 Dmg
  7212 | D:4      | Huge Dmg: 8 Dmg
  7588 | D:5      | Huge Dmg: 10 Dmg
  7588 | D:5      | Reached skill level 5 in Translocations
  7588 | D:5      | Reached XP level 8. HP: 36/55 MP: 11/11
  7800 | D:5      | Learned a level 4 spell: Passage of Golubria
  8452 | D:6      | Reached skill level 1 in Stealth
  8498 | D:5      | Huge Dmg: 7 Dmg
  8947 | D:5      | Huge Dmg: 10 Dmg
  9242 | D:6      | Huge Dmg: 15 Dmg
  9248 | D:6      | Huge Dmg: 16 Dmg
  9270 | D:5      | Huge Dmg: 7 Dmg
  9272 | D:5      | HP: 3/57 [yak (7)]
  9273 | D:5      | Huge Dmg: 19 Dmg
  9336 | D:5      | Huge Dmg: 3 Dmg
  9905 | D:5      | Huge Dmg: 13 Dmg
  9912 | D:5      | Huge Dmg: 10 Dmg
 10096 | D:6      | Found a staircase to the Ecumenical Temple.
 10202 | D:6      | Huge Dmg: 15 Dmg
 10247 | D:4      | Huge Dmg: 14 Dmg
 10248 | D:4      | Huge Dmg: 12 Dmg
 10251 | D:4      | Huge Dmg: 5 Dmg
 10546 | D:4      | Huge Dmg: 8 Dmg
 10549 | D:4      | Huge Dmg: 13 Dmg
 10555 | D:4      | Reached skill level 5 in Stealth
 10910 | D:6      | Huge Dmg: 10 Dmg
 10917 | D:6      | Found a stormy altar of Qazlal.
 10986 | D:6      | Noticed a hand axe
 10986 | D:6      | Noticed a dagger
 10988 | D:6      | Found a hide-covered altar of Uskayaw.
 11166 | D:6      | Found a sparkling altar of Nemelex Xobeh.
 11285 | D:7      | Huge Dmg: 12 Dmg
 11285 | D:7      | Reached XP level 9. HP: 38/65 MP: 8/12
 11492 | D:7      | Reached *** piety under Dithmenos
 11502 | D:7      | Found a runed gate.
 11502 | D:7      | Found a runed gate.
 11503 | D:7      | Found a runed gate.
 11503 | D:7      | You fall through a shaft!
 11525 | D:8      | Found a basalt altar of Yredelemnul.
 11834 | D:7      | Found a snail-covered altar of Cheibriados.
 11991 | D:7      | Noticed Snicker's ghost (novice DsAs)
 11991 | D:7      | Noticed Strat's ghost (novice HOFE)
 11991 | D:7      | Noticed cmd's ghost (novice MiFi)
 12016 | D:8      | Found a staircase to the Lair.
 12311 | D:8      | Reached skill level 5 in Spellcasting
 12630 | D:8      | Found a stormy altar of Qazlal.
 12633 | D:8      | Found a burning altar of Makhleb.
 12635 | D:8      | Found a radiant altar of Vehumet.
 12739 | D:9      | Identified a book of Minor Magic
 12768 | D:9      | You fall through a shaft for 2 floors!
 12771 | D:11     | Noticed a two-headed ogre
 12779 | D:11     | Noticed a cyan ugly thing
 12797 | D:10     | Entered Level 10 of the Dungeon
 12833 | D:10     | Huge Dmg: 30 Dmg
 12870 | D:11     | Paralysed by a hornet for 2 turns
 12872 | D:11     | Huge Dmg: 19 Dmg
 12873 | D:11     | Huge Dmg: 13 Dmg
 12875 | D:11     | HP: 6/65 [hornet (17)]
 12876 | D:11     | Huge Dmg: 16 Dmg
 12877 | D:11     | Huge Dmg: 2 Dmg
 12887 | D:11     | Noticed Maurice
 12894 | D:11     | Noticed Josephine
 12896 | D:11     | Noticed a troll
 12902 | D:11     | Huge Dmg: 9 Dmg
 12915 | D:9      | Huge Dmg: 4 Dmg
 12916 | D:9      | Huge Dmg: 5 Dmg
 12925 | D:9      | Found a roughly hewn altar of Beogh.
 12926 | D:9      | Killed from afar by an orc priest

Inventory:

Hand Weapons
 a - a +1 falchion of electrocution (weapon)
 n - a +0 hunting sling
 E - a +2 hand crossbow of velocity
Missiles
 e - 5 tomahawks of dispersal (quivered)
 o - 82 stones
 v - a throwing net
Armour
 c - a cursed +0 leather armour (worn)
 g - a +0 cloak (worn)
Jewellery
 t - an uncursed ring of ice
 z - a ring of resist corrosion (left hand)
 G - a ring of positive energy (right hand)
Wands
 b - a wand of iceblast (10)
 q - a wand of acid (8)
 s - a wand of polymorph (21)
Scrolls
 d - 5 scrolls of blinking
 i - 3 scrolls of amnesia
 p - 3 scrolls of teleportation
 C - a scroll of magic mapping
 D - 3 scrolls of remove curse
 H - 2 scrolls of immolation {unknown}
 I - 2 scrolls of identify
Potions
 h - 8 potions of curing
 k - 2 potions of heal wounds
 m - 3 potions of ambrosia
 r - 2 potions of mutation {!q}
 u - a potion of might {unknown}
 w - a potion of berserk rage {unknown}
 x - 7 potions of brilliance
 A - a potion of magic {unknown}
 F - a potion of blood

Table legend:
 A = Turns spent in this place as a percentage of turns spent in the entire game.
 B = Non-inter-level travel turns spent in this place as a percentage of non-inter-level travel turns spent in the entire game.
 C = Inter-level travel turns spent in this place as a percentage of turns spent in this place.
 D = Turns resting spent in this place as a percentage of non-inter-level travel turns spent in this place.
 E = Turns spent auto-exploring this place as a percentage of non-inter-level travel turns spent in this place.
 F = Non-inter-level travel turns spent in this place divided by the number of levels of this place that you've seen.
                   A       B       C       D       E      F
               +-------+-------+-------+-------+-------+----------------------
         Total | 100.0 | 100.0 |   4.2 |  40.7 |  19.5 | 1031.9
       Dungeon |  88.1 |  87.5 |   4.8 |  36.2 |  22.1 | 985.5
       Ossuary |  11.9 |  12.5 |   0.0 |  72.5 |   0.9 | 1543.0
               +-------+-------+-------+-------+-------+----------------------


   Skills:
 - Level 3.9 Fighting
 - Level 7.7 Long Blades
 - Level 0.7 Throwing
 - Level 0.7 Armour
 - Level 4.7 Dodging
 - Level 5.8 Stealth
 - Level 5.1 Spellcasting
 + Level 5.5 Translocations


You had 7 spell levels left.
You knew the following spells:

 Your Spells              Type           Power        Failure   Level  Hunger
a - Blink                 Tloc           N/A          2%          2    #......
b - Shroud of Golubria    Chrm/Tloc      ##........   9%          2    #......
c - Teleport Other        Tloc           ###.....     5%          3    ##.....
d - Passage of Golubria   Tloc           N/A          19%         4    ####...

Your spell library contained the following spells:

 Spells                   Type           Power        Failure   Level  Hunger
 Gell's Gravitas          Tloc           ###.......   5%          3    ##.....
 Lesser Beckoning         Tloc           ###.......   5%          3    ##.....
 Beastly Appendage        Tmut           #.....       19%         1    None
 Magic Dart               Conj           #...         19%         1    None
 Call Imp                 Summ           #.......     26%         2    #......
 Slow                     Hex            #.......     26%         2    #......
 Sticks to Snakes         Tmut           #.......     26%         2    #......
 Conjure Flame            Conj/Fire      #.......     47%         3    ##.....
 Mephitic Cloud           Conj/Pois/Air  #.......     47%         3    ##.....
 Spider Form              Tmut/Pois      #.........   47%         3    ##.....
 Ice Form                 Ice/Tmut       #.......     87%         4    ####...
 Blade Hands              Tmut           #.........   99%         5    ######.


Dungeon Overview and Level Annotations

Branches:
Dungeon (11/15)            Temple (0/1) D:6            Lair (0/6) D:8
    Orc: D:9-12

Altars:
Cheibriados
Dithmenos
Makhleb
Nemelex Xobeh
Okawaru
Qazlal
Uskayaw
Vehumet
Yredelemnul
Zin
Beogh

Annotations:
D:7 2 runed doors, Snicker's ghost, novice DsAs; Strat's ghost, novice HOFE; cmd's ghost, novice MiFi
D:11 Josephine; Maurice


Innate Abilities, Weirdness & Mutations

You have razor-sharp teeth.
You have supernaturally acute eyesight. (SInv)
You can survive without breathing.


Message History

You feel yourself speed up.
You feel sick. The hornet barely misses you. The hound closely misses you.
The hornet completely misses you. The hound completely misses you.
You feel sick.
Damage: -2%(-1hp) hp: 45%(29hp)
Found a scroll of remove curse.
You feel sick.
Damage: -1%(-1hp) hp: 44%(28hp)
You feel yourself speed up.
You feel sick.
Damage: -2%(-1hp) hp: 42%(27hp) Maurice the Thief comes into view.
He is wielding a +7 short sword of flaming Maurice moves out of view.
You feel sick.
Damage: -2%(-1hp) hp: 42%(27hp)
The howler monkey completely misses you.
An ice beast comes into view.
Josephine the Decaying Necromancer comes into view.
She is wielding a +0 2 wraiths come into view.
You feel sick.
A troll comes into view.
The howler monkey hoots and howls with incredible vigour!
The wraith moves out of view.
Damage: -2%(-1hp) hp: 40%(26hp) 2 wraiths come into view.
A sky beast comes into view.
Unknown command.
Unknown command.
Unknown command.
Unknown command.
Unknown command.
Unknown command.
Unknown command.
You can't do that in your present form.
Unknown command.
Unknown command.
Unknown command.
Unknown command.
Unknown command.
Unknown command.
Unknown command.
Unknown command.
Unknown command.
The wraith hits you!
* * * LOW HITPOINT WARNING * * *
Found a stone staircase leading up.
Huge Dmg: -14%(-9hp) hp: 28%(18hp)
You feel sick. The wraith misses you.
Damage: -1%(-1hp) hp: 27%(17hp)
Your hearing returns.
A worker ant comes into view.
Found a scroll of identify.
Found a ration.
There is a stone staircase leading up here.
You fly upwards.
You feel sick.
Found a stone staircase leading up.
There is a stone staircase leading down here.
Damage: -2%(-1hp) hp: 25%(16hp)
A hound skeleton comes into view.
There is a stone staircase leading up here.
You fly upwards.
A hound and a centaur come into view.
The hound bites you.
* * * LOW HITPOINT WARNING * * *
Found a fizzy orange potion and 15 gold pieces.
There is a stone staircase leading down here.
Huge Dmg: -7%(-4hp) hp: 20%(13hp)
As you read the scroll of teleportation, it crumbles to dust.
You feel strangely unstable. The hound bites you.
* * * LOW HITPOINT WARNING * * *
Huge Dmg: -7%(-5hp) hp: 13%(8hp)
You feel sick.
Damage: -2%(-1hp) hp: 11%(7hp) Evoke which item? (* to show all) (? for menu, Esc to quit)
Okay, then.
You can't do that in your present form.
Your transformation has ended.
Your +1 falchion of electrocution unmelds from your body.
Your +0 cloak unmelds from your body.
Your cursed +0 leather armour unmelds from your body.
Your ring of resist corrosion unmelds from your body.
Your ring of positive energy unmelds from your body.
You hear the crackle of electricity.
Your surroundings suddenly seem different.
An orc comes into view. It is wielding a +0 war axe.
Found a runed buckler, 19 stones, a spear and 22 gold pieces.
An ice beast and a skeleton come into view.
As you read the scroll of teleportation, it crumbles to dust.
You feel strangely unstable.
You feel sick.
Found a ring mail.
Damage: -2%(-1hp) hp: 11%(7hp)
Your surroundings suddenly seem different.
Found 18 gold pieces.
Found a roughly hewn altar of Beogh. 3 orcs, an orc warrior and 2 orc priests come into view.
As you read the scroll of teleportation, it crumbles to dust.
You feel strangely unstable.
The orc shouts!
The orc priest shouts!
The orc shouts!
The orc priest invokes the aid of Beogh against you.
Beogh smites you!
You die...

#######
#.....#
#o.oo.#
#.._o$+
#..o..#....#
.........#
#.@.o.#8...###
.........##
########.....#
..........
............#
.........#
..........#
.........#
#..c.....#
.........#
#........#
.........####
#...>....#
#........>.##
#.......!#
##..........##
#...$....#


You could see an orc warrior (wandering), 2 orc priests and 3 orcs.

Table legend:
 A = Kills in this place as a percentage of kills in entire the game.
 B = Kills by you in this place as a percentage of kills by you in the entire game.
 C = Kills by friends in this place as a percentage of kills by friends in the entire game.
 D = Other kills in this place as a percentage of other kills in the entire game.
 E = Experience gained in this place as a percentage of experience gained in the entire game.
 F = Experience gained in this place divided by the number of levels of this place that you have seen.
                   A       B       C       D       E      F
               +-------+-------+-------+-------+-------+----------------------
         Total | 100.0 | 100.0 |   N/A |   N/A | 100.0 | 320.5
       Dungeon |  83.8 |  83.8 |   N/A |   N/A |  93.6 | 327.4
       Ossuary |  16.2 |  16.2 |   N/A |   N/A |   6.4 | 245.0
               +-------+-------+-------+-------+-------+----------------------

Vanquished Creatures
  3 yaks
  A hungry ghost (D:8)
  A water moccasin (D:8)
  2 sky beasts
  2 phantoms (D:4)
  3 centaurs
  An ogre (D:5)
  A bullfrog (D:6)
  A wyvern zombie (D:6)
  A water moccasin skeleton (D:8)
  3 scorpions
  2 crimson imps (D:5)
  2 hounds (D:7)
  A centaur skeleton (D:6)
  2 bullfrog skeletons (D:5)
  2 jellies
  An orc wizard (D:6)
  4 iguanas
  Natasha (thrice) (D:2)
  A worker ant (D:4)
  A hound zombie (D:5)
  13 mummies (Ossuary)
  A howler monkey zombie (D:6)
  4 gnolls
  2 howler monkey skeletons
  9 adders
  A shadow imp (D:6)
  5 oozes
  4 adder skeletons
  An adder zombie (D:6)
  6 worms
  2 dart slugs
  4 leopard geckos
  12 orcs
  7 bats
  9 giant cockroaches
  10 goblins
  4 hobgoblins
  17 jackals
  A quokka (D:4)
  8 frilled lizards
  A giant cockroach zombie (D:5)
  4 gnoll skeletons (Ossuary)
  2 goblin skeletons (Ossuary)
  11 kobolds
  A kobold skeleton (Ossuary)
  A leopard gecko zombie (D:7)
  An orc skeleton (Ossuary)
  7 rats
  11 rat skeletons (Ossuary)
197 creatures vanquished.

Vanquished Creatures (others)
  A frilled lizard (D:1)
  13 fungi (D:5)
  2 withered plants (D:7)
16 creatures vanquished.

Grand Total: 213 creatures vanquished

Action                   |  1- 3 |  4- 6 |  7- 9 || total
-------------------------+-------+-------+-------++-------
Melee: Falchion          |   149 |   251 |   654 ||  1054
       Bite              |    15 |    25 |    73 ||   113
 Cast: Blink             |     8 |       |     1 ||     9
       Shroud of Golubri |    18 |    11 |    74 ||   103
       Passage of Golubr |       |       |     3 ||     3
 Abil: End Transformatio |       |       |     2 ||     2
       Bat Form          |       |       |     2 ||     2
Evoke: Wand              |       |     4 |       ||     4
  Use: Scroll            |     1 |     7 |    13 ||    21
       Potion            |       |     4 |     8 ||    12
 Stab: Sleeping          |     1 |     2 |     6 ||     9
       Distracted        |     1 |       |       ||     1
  Eat: Corpse            |    15 |     9 |    15 ||    39
Armor: Leather armour    |    51 |    34 |    70 ||   155
       Skin              |       |       |    24 ||    24
Dodge: Dodged            |    99 |   141 |   407 ||   647
       Rpst.: Falchion   |    22 |    43 |   139 ||   204
